 Dungeon Crawl Stone Soup version 0.27.0-1-g7a089689b8 (webtiles) character file.

Game seed: 9419288321714361815

121 sanka the Magician (level 5, -5/40 HPs)
             Began as a Djinni Fighter on Aug 5, 2021.
             Splashed by a jelly's acid (9 damage)
             ... on level 3 of the Dungeon.
             The game lasted 00:03:17 (3559 turns).

sanka the Magician (Djinni Fighter)                 Turns: 3559, Time: 00:03:18

Health: -5/40      AC: -5    Str: 15    XL:     5   Next: 26%
Gold:   63         EV:  6    Int: 11    God:
                   SH:  8    Dex: 12

rFire    + + .     SeeInvis .   a - +0 long sword
rCold    x . .     Faith    .   c - +0 kite shield
rNeg     . . .     Spirit   .   b - +0 scale mail
rPois    ∞         Reflect  .   (no helmet)
rElec    .         Harm     .   (no cloak)
rCorr    .         Rampage  .   (no gloves)
Will     .....                  (boots unavailable)
Stlth    ..........             (no amulet)
HPRegen  0.13/turn              (no ring)
MPRegen  0.00/turn              (no ring)

@: corroded, flying
A: sickness immunity, fire resistance 2, cold vulnerability 1, float, innate
caster, hp casting, extra vitality 1
a: no special abilities


You were on level 3 of the Dungeon.
You visited 1 branch of the dungeon, and saw 3 of its levels.

You collected 63 gold pieces.


Innate Abilities, Weirdness & Mutations

You are immune to sickness and miasma.
You are immune to poison.
Your flesh is very heat resistant. (rF++)
You are vulnerable to cold. (rC-)
You float through the air rather than walking.
You learn spells naturally, not from books.
Your magical power is your life essence.
You have superior vitality. (+4 HP)


   Skills:
 - Level 3.0 Fighting
 - Level 2.0 Long Blades
 - Level 3.0 Armour
 - Level 3.0 Shields
 + Level 3.2 Spellcasting


You had 7 spell levels left.
You knew the following spells:

 Your Spells              Type           Power      Damage    Failure   Level
y - Poisonous Vapours     Pois/Air       18%        N/A       87%         2
z - Pain                  Necr           36%        1d5       75%         1
Your spell library was empty.

Inventory:

Hand Weapons
 a - a +0 long sword (weapon)
Armour
 b - a +0 scale mail (worn)
 c - a +0 kite shield (worn)
Scrolls
 g - 4 scrolls of identify {unknown}
 h - 3 scrolls of vulnerability {unknown}
 i - a scroll of enchant armour {unknown}
 j - 3 scrolls of magic mapping {unknown}
 l - a scroll of acquirement {unknown}
Potions
 d - 2 potions of might
 e - a potion of brilliance {unknown}
 f - a potion of lignification {unknown}
 k - a potion of ambrosia {unknown}
 m - a potion of curing {unknown}

Dungeon Overview and Level Annotations

Branches:
Dungeon (3/15)

Altars:

Shops:
D:1

! ▒▒▒▒▒▒.▒▒▒▒▒▒▒
▒.▒. ▒............▒
▒.▒. ▒......†.....▒
▒.▒. ▒............▒
▒.▒< ▒............▒
. ▒.▒.
▒............▒ ..▒
..▒.
▒............▒▒...▒
....
▒.................▒
...
▒..[.......R.▒▒...▒
..........J.▒ ..▒
..........▒▒ .▒
.........▒ ▒
..(.....▒ ........▒
▒▒.▒▒▒▒.▒ ▒. ▒.▒


You could see a jelly.


Message History

Your hands burn!
The jelly is heavily wounded.
The jelly hits you. The acid corrodes you!
You are splashed with acid.
The jelly hits you but does no damage.
You hit the jelly. The acid corrodes you!
Your hands burn!
The jelly is severely wounded.
The jelly hits you. The acid corrodes you!
You are splashed with acid.
You hit the jelly but do no damage.
Your hands burn!
The jelly is severely wounded.
The jelly hits you.
* * * LOW HITPOINT WARNING * * *
You are splashed with acid!
* * * LOW HITPOINT WARNING * * *
You block the jelly's attack.
You hit the jelly.
Your hands burn!
* * * LOW HITPOINT WARNING * * *
The jelly is severely wounded.
The jelly hits you.
* * * LOW HITPOINT WARNING * * *
The acid corrodes you!
You are splashed with acid!
You die...

Action                   |  1- 3 |  4- 6 || total
-------------------------+-------+-------++-------
Melee: Long sword        |    95 |   122 ||   217
 Cast: Pain              |     9 |       ||     9
Armor: Scale mail        |    40 |    54 ||    94
Dodge: Dodged            |    27 |    28 ||    55
Block: Kite shield       |    39 |    55 ||    94
       Rpst.: Long sword |    10 |     8 ||    18

Levels and vault maps discovered:
D:1:      dpeg_chamrin_arrival_tetris, layout_loops_ring,
          shapermc_ecumenical_altar_flowoftime, serial_shops, shop_fountains,
          st_stairs_12, minmay_misc_feat_encased
D:2:      layout_loops_ring, grunt_decor_resistance, uniq_terence
D:3:      layout_basic

Notes
Turn   | Place    | Note
-------+----------+-------------------------------------------
     0 | D:1      | sanka the Djinni Fighter began the quest for the Orb.
     0 | D:1      | Reached XP level 1. HP: 20/20 MP: 0/0
   100 | D:1      | Reached skill level 2 in Long Blades
   404 | D:1      | Reached XP level 2. HP: 25/25 MP: 0/0
   522 | D:1      | Reached skill level 1 in Spellcasting
   657 | D:1      | Found Aschoxom's Distillery.
   829 | D:1      | Found a faded altar of an unknown god.
  1240 | D:1      | Reached XP level 3. HP: 23/30 MP: 0/0
  1240 | D:1      | Learned a level 1 spell: Pain
  1255 | D:1      | Reached skill level 2 in Spellcasting
  1856 | D:2      | Reached XP level 4. HP: 31/35 MP: 0/0
  1885 | D:2      | Noticed Terence
  1899 | D:2      | Killed Terence
  2647 | D:2      | Reached skill level 3 in Spellcasting
  2681 | D:2      | Reached XP level 5. HP: 40/40 MP: 0/0
  2681 | D:2      | Learned a level 2 spell: Poisonous Vapours
  3559 | D:3      | HP: 4/40 [jelly (3)]
  3559 | D:3      | Splashed by a jelly's acid

Vanquished Creatures
  Terence (D:2)
  3 adders
  4 worms
  A dart slug (D:2)
  4 ball pythons
  9 endoplasms
  2 giant cockroaches (D:1)
  4 goblins
  2 hobgoblins (D:2)
  7 jackals
  3 kobolds
  6 bats
  3 frilled lizards
  3 rats
52 creatures vanquished.

Vanquished Creatures (others)
  2 plants (D:1)
  2 withered plants (D:1)
4 creatures vanquished.

Grand Total: 56 creatures vanquished
